Map: Ruins of Endion

Players

Shiek - Winner!

  • Race: Terran Terran
  • League: Grandmaster

ThisGameSuck

  • Race: Protoss Protoss
  • League: Grandmaster

VOD

Have the link to the VOD?

Description

Time

  • Played on: June 30, 2016, 2:04 p.m.
  • Length: 11:47
Show
View Real Time Build Order
Export as new Build Order

Shiek Terran - Winner!

Build Orders: MMM Bio 

Get SALT Encoding   

  12  0:00  SCV  
  13  0:12  SCV  
  14  0:18  Supply Depot  
  14  0:25  SCV  
  15  0:39  SCV  
  15  0:41  Barracks  
  16  0:45  Refinery  
  16  0:51  SCV  
  17  1:04  SCV  
  18  1:16  SCV  
  19  1:28  Barracks Reactor, Orbital Command  
  19  1:44  Command Center  
  19  1:52  Supply Depot  
  19  1:54  SCV  
  20  2:04  Marine x2  
  20  2:06  SCV  
  23  2:11  Factory  
  23  2:18  Refinery, SCV  
  24  2:24  Marine x2  
  26  2:31  SCV  
  27  2:42  Marine x2  
  27  2:43  SCV  
  30  2:55  SCV  
  30  2:56  Starport, Widow Mine  
  33  2:59  Orbital Command  
  33  3:07  Marine x2  
  36  3:12  SCV  
  36  3:16  Supply Depot  
  36  3:25  SCV x2  
  38  3:30  Marine x2  
  38  3:34  Medivac, Widow Mine  
  42  3:37  SCV  
  42  3:38  SCV  
  46  3:43  Supply Depot  
  46  3:49  SCV  
  46  3:50  SCV  
  48  3:55  Marine x2  
  48  4:00  Liberator  
  48  4:01  SCV  
  48  4:02  SCV  
  52  4:12  Barracks  
  52  4:13  SCV  
  52  4:14  Barracks, SCV  
  54  4:21  Supply Depot  
  57  4:25  SCV  
  57  4:26  Factory Tech Lab, SCV  
  57  4:29  Marine  
  60  4:36  Marine  
  59  4:39  SCV  
  59  4:41  SCV  
  58  4:49  Refinery  
  58  4:50  Refinery  
  58  4:51  SCV  
  58  4:52  Engineering Bay, Factory Tech Lab  
  56  4:53  SCV  
  56  4:57  Marine x2  
  59  5:03  SCV  
  59  5:06  Starport Reactor  
  60  5:07  SCV  
  61  5:15  SCV  
  61  5:16  Supply Depot  
  61  5:17  Stimpack  
  62  5:21  Marauder, Combat Shields  
  62  5:23  Command Center  
  62  5:24  SCV  
  62  5:27  Terran Infantry Weapons Level 1  
  65  5:33  SCV  
  65  5:35  Marine  
  68  5:36  Marine, Marauder  
  68  5:41  Supply Depot  
  70  5:45  SCV x2  
  70  5:49  Supply Depot, Medivac, Marauder  
  76  5:50  Medivac  
  78  6:02  Supply Depot, Marine x2, SCV x2  
  78  6:03  Marauder  
  84  6:15  SCV x2  
  84  6:17  Barracks  
  84  6:18  Barracks  
  88  6:21  Factory Reactor  
  88  6:28  Supply Depot, SCV x2  
  88  6:29  Marine, Marauder  
  93  6:33  Reaper  
  93  6:35  Medivac x2, Marauder  
  93  6:39  Orbital Command  
  98  6:42  SCV x2  
  100  6:47  Supply Depot  
  100  6:51  Concussive Shells  
  100  6:53  Marine  
  103  6:54  Marauder  
  103  6:55  SCV  
  103  6:56  Marine, SCV  
  103  6:58  Refinery  
  103  6:59  Refinery, Liberator x2  
  106  7:04  Starport  
  106  7:05  SCV  
  106  7:08  SCV x2  
  109  7:09  Fusion Core  
  109  7:11  Barracks Tech Lab  
  109  7:13  Factory Tech Lab  
  109  7:17  SCV  
  109  7:19  Marauder  
  109  7:20  SCV  
  109  7:21  Terran Infantry Armor Level 1  
  109  7:22  Marine  
  120  7:25  SCV  
  120  7:26  Supply Depot  
  120  7:29  Supply Depot  
  121  7:34  SCV x2  
  121  7:36  Supply Depot  
  121  7:37  SCV  
  124  7:39  Supply Depot, Marauder  
  124  7:40  Marauder  
  124  7:41  Marine x3, Liberator  
  124  7:42  Marine  
  124  7:43  Marine  
  133  7:45  Liberator x2  
  133  7:53  Supply Depot  
  133  7:54  Supply Depot  
  133  7:59  Advanced Ballistics  
  133  8:04  Marine x4  
  146  8:06  Marine x2  
  146  8:08  Marauder  
  150  8:14  Supply Depot  
  150  8:15  Supply Depot, Missile Turret  
  150  8:20  Missile Turret  
  150  8:23  Missile Turret  
  150  8:26  Liberator  
  149  8:27  Missile Turret  
  149  8:32  Marine x2  
  149  8:33  Marauder x2, Armory  
  149  8:34  Liberator x2  
  155  8:35  Engineering Bay  
  155  8:37  Marauder  
  160  8:49  Missile Turret  
  160  8:51  Missile Turret  
  160  8:52  Marine x2  
  160  8:54  Marauder  
  170  9:01  Barracks  
  170  9:02  Barracks  
  170  9:06  Marine, Marauder  
  170  9:09  Liberator  
  173  9:13  Marine, Marauder  
  173  9:15  Marauder  
  178  9:23  Terran Infantry Weapons Level 2  
  178  9:26  Terran Infantry Armor Level 2  
  178  9:29  Terran Ship Weapons Level 1  
  181  9:38  Liberator x2  
  181  9:44  Command Center  
  177  9:55  Marine x4, Marauder x3  
  193  10:09  Liberator  
  193  10:17  Marauder  
  192  10:25  Marine x2  
  192  10:26  Marine x2, Marauder x2  
  194  10:31  Barracks Tech Lab x2  
  194  10:35  Barracks  
  194  10:36  Barracks  
  194  10:37  Starport  
  194  10:38  Marauder  
  196  10:43  Marine  
  197  10:55  Marine x2  
  197  10:56  Marine, Marauder  
  200  11:03  Planetary Fortress  
  200  11:07  Command Center  
  199  11:12  Marauder  
  200  11:22  Marine, SCV  
  200  11:29  Refinery  
  200  11:30  Refinery  
  199  11:34  SCV  
Show
View Real Time Build Order
Export as new Build Order

ThisGameSuck Protoss 

Build Orders: 1 Gate Expand, Blink Stalkers 

Get SALT Encoding   

  12  0:01  Probe (Chrono Boost)  
  13  0:11  Probe (Chrono Boost)  
  14  0:19  Pylon  
  14  0:22  Probe (Chrono Boost)  
  15  0:37  Gateway, Probe (Chrono Boost)  
  16  0:47  Probe (Chrono Boost)  
  16  0:49  Assimilator  
  17  0:58  Probe (Chrono Boost)  
  18  1:08  Probe (Chrono Boost)  
  19  1:20  Nexus  
  19  1:29  Cybernetics Core  
  19  1:31  Probe (Chrono Boost)  
  20  1:37  Assimilator  
  20  1:42  Probe (Chrono Boost)  
  21  1:47  Pylon  
  21  1:52  Probe (Chrono Boost)  
  22  2:06  Mothership Core (Chrono Boost)  
  24  2:09  Adept  
  26  2:19  Warp Gate  
  26  2:24  Probe (Chrono Boost)  
  27  2:33  Probe (Chrono Boost)  
  27  2:35  Probe (Chrono Boost)  
  29  2:37  Robotics Facility  
  29  2:43  Probe (Chrono Boost)  
  30  2:45  Probe (Chrono Boost)  
  31  2:54  Probe (Chrono Boost)  
  31  2:56  Probe (Chrono Boost)  
  31  2:57  Twilight Council  
  33  3:04  Probe (Chrono Boost)  
  34  3:06  Probe (Chrono Boost)  
  35  3:15  Probe (Chrono Boost)  
  35  3:17  Probe (Chrono Boost), Assimilator  
  37  3:21  Gateway  
  37  3:23  Gateway  
  37  3:24  Probe (Chrono Boost)  
  38  3:28  Observer (Chrono Boost)  
  38  3:29  Probe  
  40  3:34  Pylon  
  40  3:35  Probe  
  41  3:42  Blink (Chrono Boost)  
  41  3:43  Probe  
  41  3:47  Observer  
  43  3:48  Probe  
  43  3:54  Pylon  
  43  3:55  Probe  
  45  3:59  Pylon  
  45  4:00  Probe  
  46  4:06  Observer  
  46  4:07  Probe  
  48  4:12  Probe  
  49  4:19  Probe  
  50  4:24  Stalker x3, Probe  
  50  4:27  Observer  
  50  4:31  Probe  
  58  4:46  Probe  
  58  4:47  Warp Prism  
  58  4:48  Probe  
  62  4:54  Nexus  
  62  4:58  Probe, Assimilator  
  63  5:00  Probe  
  64  5:09  Pylon  
  64  5:10  Probe  
  64  5:12  Forge x2, Probe  
  66  5:17  Stalker  
  66  5:18  Stalker  
  70  5:25  Immortal  
  70  5:26  Pylon  
  70  5:27  Probe  
  75  5:29  Sentry  
  77  5:39  Protoss Ground Weapons Level 1 (Chrono Boost), Protoss Ground Armor Level 1 (Chrono Boost)  
  77  5:40  Resonating Glaives (Chrono Boost)  
  78  5:47  Gateway  
  78  5:50  Gateway, Probe x2  
  79  5:59  Pylon  
  79  6:02  Probe  
  80  6:04  Probe  
  80  6:06  Adept x3  
  80  6:07  Probe  
  80  6:11  Pylon  
  88  6:17  Probe x2  
  90  6:19  Probe  
  90  6:22  Immortal (Chrono Boost)  
  95  6:29  Probe x2  
  95  6:31  Probe  
  98  6:41  Probe  
  98  6:42  Probe  
  98  6:43  Probe  
  101  6:47  Sentry  
  101  6:48  Gateway  
  101  6:50  Gateway  
  101  6:53  Probe  
  101  6:54  Probe  
  105  6:57  Assimilator  
  105  7:00  Stalker x4  
  114  7:05  Probe  
  114  7:09  Pylon  
  114  7:13  Pylon  
  114  7:14  Adept  
  116  7:16  Pylon  
  116  7:17  Protoss Ground Weapons Level 2 (Chrono Boost)  
  116  7:19  Pylon  
  116  7:26  Templar Archives, Protoss Ground Armor Level 2 (Chrono Boost)  
  116  7:28  Immortal (Chrono Boost)  
  116  7:29  Assimilator  
  120  7:40  Probe  
  120  7:43  Stargate  
  121  7:46  Probe  
  121  7:48  Gateway  
  121  7:50  Gateway x2  
  122  7:54  Gateway  
  122  7:55  Gateway  
  122  7:59  Adept x5  
  122  8:04  Immortal (Chrono Boost), Pylon  
  136  8:12  Psionic Storm  
  136  8:17  Adept x2  
  138  8:29  Adept x5  
  148  8:40  High Templar x2  
  152  8:52  Stalker x2  
  152  8:53  Pylon  
  156  8:55  Pylon  
  156  8:57  Pylon  
  156  9:06  Fleet Beacon  
  156  9:09  Stargate, Nexus  
  156  9:12  Pylon  
  156  9:13  Dark Shrine  
  155  9:20  Stalker x3  
  155  9:21  Zealot  
  163  9:33  Stalker x3  
  163  9:34  Stalker  
  157  9:55  Tempest (Chrono Boost)  
  157  9:56  Tempest (Chrono Boost)  
  163  10:05  Stalker x3, Zealot x4  
  163  10:06  Zealot x2  
  176  10:15  Stalker x3  
  160  10:29  High Templar  
  160  10:30  Zealot x6  
  174  10:36  Assimilator  
  174  10:42  Tempest (Chrono Boost)  
  175  11:00  Pylon  
  175  11:02  Pylon  
  175  11:19  Nexus  
Tags
 
Add a new tag
Caveats
  • Supply blocks, unpowered buildings, or Contaminate may cause inaccurate times.
  • Supply counts are checked every 10 seconds.